 Dungeon Crawl Stone Soup version 0.23.0 (webtiles) character file.

Game seed: 14061036842789020523

64 Delanovic the Grasshopper (level 4, -1/29 HPs)
             Began as a Halfling Warper on Feb 19, 2019.
             Killed by nerve-wracking pain
             ... invoked by Jessica
              (5 damage)
             ... on level 2 of the Dungeon.
             The game lasted 00:06:25 (3347 turns).

Delanovic the Grasshopper (Halfling Warper)         Turns: 3347, Time: 00:06:25

Health: -1/29      AC:  3    Str: 12    XL:     4   Next: 32%
Magic:  2/7        EV: 14    Int: 12    God:
Gold:   82         SH:  0    Dex: 13    Spells: 3/7 levels left

rFire    . . .     SeeInvis .   a - +0 falchion
rCold    . . .     Gourm    .   (shield restricted)
rNeg     . . .     Faith    .   b - +0 leather armour
rPois    .         Spirit   .   (no helmet)
rElec    .         Reflect  .   (no cloak)
rCorr    .         Harm     .   (no gloves)
MR       .....                  (no boots)
Stlth    +.........             (no amulet)
HPRegen  0.09/turn              (no ring)
MPRegen  0.10/turn              (no ring)

@: no status effects
A: small, mutation resistance 1
a: no special abilities


You were on level 2 of the Dungeon.
You were hungry.

You visited 1 branch of the dungeon, and saw 2 of its levels.

You collected 82 gold pieces.

Inventory:

Hand Weapons
 a - a +0 falchion (weapon)
Missiles
 e - 5 tomahawks of dispersal (quivered)
Armour
 b - a +0 leather armour (worn)
Jewellery
 l - an uncursed ring of protection from magic
Scrolls
 c - 2 scrolls of teleportation {unknown}
 d - a scroll of blinking
 i - a scroll of enchant weapon {unknown}
 j - a scroll of fog {unknown}
Potions
 h - 2 potions of curing
Comestibles
 f - 3 rations


   Skills:
 - Level 1.7 Fighting
 + Level 3.0 Long Blades
 - Level 1.0 Throwing
 - Level 1.1 Armour
 - Level 2.1 Dodging
 + Level 2.3 Spellcasting
 - Level 1.2 Charms
 + Level 3.6 Translocations


You had 3 spell levels left.
You knew the following spells:

 Your Spells              Type           Power        Failure   Level  Hunger
a - Shroud of Golubria    Chrm/Tloc      #.........   19%         2    ###....
b - Blink                 Tloc           N/A          12%         2    ###....

Your spell library contained the following spells:

 Spells                   Type           Power        Failure   Level  Hunger
 Gell's Gravitas          Tloc           ##........   22%         3    ####...
 Lesser Beckoning         Tloc           ##........   22%         3    ####...
 Teleport Other           Tloc           ##......     22%         3    ####...
 Passage of Golubria      Tloc           N/A          58%         4    #####..


Dungeon Overview and Level Annotations

Branches:
Dungeon (2/15)

Altars:

Annotations:
D:2 Jessica


Innate Abilities, Weirdness & Mutations

You are small and have problems with some larger weapons.
You are somewhat resistant to further mutation.


Message History

Pain shoots through your body!
You closely miss Jessica.
Jessica is heavily wounded.
Jessica drinks a potion.
Jessica is healed!
Jessica gestures wildly while chanting.
Jessica blinks!
It was a potion of resistance.
You feel protected. Jessica hits you with a +0 club.
* * * LOW HITPOINT WARNING * * *
It was a potion of cancellation.
Your magical effects are unravelling.
You feel magically purged.
Your magical contamination has completely faded away.
You feel yourself speed up.
Your resistance to elements expires.
Jessica hits you with a +0 club.
* * * LOW HITPOINT WARNING * * *
Jessica casts a spell at you. Pain shoots through your body!
You die...

.# #............# .#
###########.########
....
................
.###
########.###.### ##
#.###(# #### #÷)##.#
.....
###.##.###.....
#..............
#.@@...........
######..............
.............##..!..
.............# ....
............÷# ###
.............#
.............#######
....................
....................


You could see Jessica.

Vanquished Creatures
  An adder (D:2)
  3 worms
  2 dart slugs
  A leopard gecko (D:2)
  4 goblins
  7 hobgoblins
  3 jackals (D:2)
  4 quokkas (D:2)
  4 bats
  3 frilled lizards
  5 kobolds (D:1)
  A rat (D:1)
38 creatures vanquished.

Notes
Turn   | Place    | Note
-------+----------+-------------------------------------------
     0 | D:1      | Delanovic the Halfling Warper began the quest for the Orb.
     0 | D:1      | Reached XP level 1. HP: 14/14 MP: 3/3
   333 | D:1      | Reached XP level 2. HP: 19/19 MP: 4/4
   337 | D:1      | Learned a level 2 spell: Shroud of Golubria
   340 | D:1      | Learned a level 2 spell: Blink
  1048 | D:1      | Reached XP level 3. HP: 17/24 MP: 3/6
  1281 | D:1      | Reached skill level 1 in Charms
  2954 | D:2      | Reached XP level 4. HP: 24/29 MP: 4/7
  3328 | D:2      | Noticed Jessica
  3347 | D:2      | Killed from afar by Jessica

Skill      XL: |  1  2  3  4 |
---------------+-------------+-----
Spellcasting   | 2 |  2.3
Charms         | 1 |  1.2
Long Blades    | 3 |  3.0
Fighting       | |  1.7
Throwing       | |  1.0
Armour         | |  1.1
Dodging        | |  2.1
Translocations | |  3.6

Action                   |  1- 3 |  4- 6 || total
-------------------------+-------+-------++-------
Melee: Falchion          |   141 |    30 ||   171
 Cast: Shroud of Golubri |    10 |     1 ||    11
       Blink             |       |     1 ||     1
  Use: Potion            |       |     4 ||     4
 Stab: Sleeping          |     1 |       ||     1
  Eat: Chunk             |     3 |     2 ||     5
       Ration            |     1 |       ||     1
Armor: Leather armour    |    18 |     6 ||    24
Dodge: Dodged            |    92 |    23 ||   115
       Rpst.: Falchion   |    35 |     8 ||    43
